 Dungeon Sprint DCSS version 0.29.1-12-g30fa7ad0bf (webtiles) character file.

Game seed: 14117778794290883736

159 Groucho the Ducker (level 5, 0/24 HPs)
             Began as a Spriggan Earth Elementalist on Dec 27, 2022.
             Was a Priest of Vehumet.
             Slain by a jumping spider (2 damage)
             ... in the Dungeon (Sprint VII: "The Pits").
             The game lasted 00:05:01 (2499 turns).

Groucho the Ducker (Spriggan Earth Elementalist)    Turns: 2499, Time: 00:05:02

Health: 0/24       AC:  9    Str:  4    XL:     5   Next: 17%
Magic:  9/14       EV: 20    Int: 19    God:    Vehumet [***...]
Gold:   0          SH:  0    Dex: 15    Spells: 8/15 levels left

rFire   . . .      SeeInvis +   m - +2 quarterstaff (protect)
rCold   . . .      Faith    .   (shield currently unavailable)
rNeg    . . .      Spirit   .   a - +0 robe
rPois   .          Reflect  .   (helmet restricted)
rElec   .          Harm     .   (no cloak)
rCorr   .          Rampage  .   (gloves unavailable)
Will    .....      NoTele   +   (boots unavailable)
Stlth   ++........              (no amulet)
HPRegen 0.08/turn               (no ring)
MPRegen 0.14/turn               (no ring)

@: under a protective aura, very quick
A: very small, no large weapons, unfitting armour, see invisible, speed 3
a: Renounce Religion


You were in the Dungeon.
You worshipped Vehumet.
Vehumet was most pleased with you.
You visited 1 branch

Inventory:

Hand Weapons
 h - a +2 quarterstaff
 m - a +2 quarterstaff of protection (weapon)
Missiles
 l - 9 stones (quivered)
Armour
 a - a +0 robe (worn)
Scrolls
 g - a scroll of blinking
 j - 5 scrolls of amnesia
 k - a scroll of summoning
Potions
 b - 4 potions of magic
 c - 5 potions of curing
 d - 6 potions of heal wounds
 e - a potion of haste
 f - 3 potions of berserk rage
 i - 2 potions of invisibility


   Skills:
 + Level 6.2 Dodging
 - Level 3.0 Stealth
 + Level 5.8 Spellcasting
 * Level 2.6 Conjurations
 + Level 5.8 Transmutations
 * Level 6.2 Earth Magic


You had 8 spell levels left.
You knew the following spells:

 Your Spells              Type           Power      Damage    Failure   Level
a - Sandblast             Erth           58%        2d13      1%          1
b - Stone Arrow           Conj/Erth      44%        3d9       1%          3
c - Dazzling Flash        Conj/Hex       20%        N/A       5%          3

Your spell library contained the following spells:

 Spells                   Type           Power      Damage    Failure   Level
 Passwall                 Tmut/Erth      23%        N/A       1%          2
 Petrify                  Tmut/Erth      28%        N/A       10%         4


Dungeon Overview and Level Annotations

Branches:
Dungeon (1/1)

Altars:
Ashenzari
Cheibriados
Dithmenos
Elyvilon
Fedhas
Gozag
Hepliaklqana
Kikubaaqudgha
Makhleb
Nemelex Xobeh
Okawaru
Qazlal
Ru
Sif Muna
Trog
Uskayaw
Vehumet
Wu Jian
Xom
Yredelemnul
Zin
The Shining One
Jiyva
Lugonu


Innate Abilities, Weirdness & Mutations

You are very small and have problems with some larger weapons.
You are too small for most types of armour.
You have supernaturally acute eyesight. (SInv)
You cover ground extremely quickly. (Speed+++)


Message History

Unknown command.
You open the door.
A jumping spider comes into view.
Casting: Sandblast (safe; 1% risk of failure)
Confirm with . or Enter, or press ? or * to list all spells.
Aiming: Stone Arrow (safe; 1% risk of failure)
Press: ? - help, Shift-Dir - straight line, f - jumping spider
Aim: a jumping spider (asleep, 100% to hit)
The stone arrow hits the jumping spider!
The jumping spider is moderately wounded.
The jumping spider's many legs skitter faintly.
The jumping spider leaps!
Unknown command.
Casting: Stone Arrow (safe; 1% risk of failure)
Confirm with . or Enter, or press ? or * to list all spells.
Aiming: Sandblast (safe; 1% risk of failure)
Press: ? - help, Shift-Dir - straight line, f/p - jumping spider
Aim: a jumping spider (moderately wounded, 79% to hit)
The blast of sand hits the jumping spider but does no damage.
The jumping spider is moderately wounded.
The jumping spider misses you.
The jumping spider bites you but does no damage.
The jumping spider pounces on you!
Ouch! That really hurt!
The jumping spider barely misses you. The jumping spider pounces on you.
* * * LOW HITPOINT WARNING * * *
The jumping spider misses you.
Unknown command.
The jumping spider misses you. The jumping spider closely misses you.
There is an open door here.
Things that are here:
a +0 dagger; a goblin skeleton You feel better.
The jumping spider leaps!
You hit the jumping spider but do no damage.
Your weapon exudes an aura of protection.
The jumping spider is lightly wounded.
The jumping spider pounces on you!
* * * LOW HITPOINT WARNING * * *
The jumping spider misses you. The jumping spider pounces on you.
You die...

#.#..#[))).##.......#
#'###########.......#
#.......# #########
#.###...# #.#†....#
#.#...#.#+#
#....†#.#.+
#...###.#'#
#...s@.°'.#
###########


You could see a jumping spider.

Vanquished Creatures
  A floating eye (D)
  Terence (D)
  2 river rats (D)
  A white imp (D)
  2 bats (D)
  A giant cockroach (D)
  2 goblins (D)
  A hobgoblin (D)
  3 ball pythons (D)
  A ball python zombie (D)
15 creatures vanquished.

Notes
Turn   | Place    | Note
-------+----------+-------------------------------------------
     0 | D        | Groucho the Spriggan Earth Elementalist began the quest for
                  | the Orb.
     0 | D        | Reached XP level 1. HP: 9/9 MP: 5/5
    41 | D        | Found a glowing golden altar of the Shining One.
    41 | D        | Found a glowing silver altar of Zin.
    41 | D        | Found a basalt altar of Yredelemnul.
    41 | D        | Found a shimmering altar of Xom.
    41 | D        | Found an ornate altar of the Wu Jian Council.
    41 | D        | Found a bloodstained altar of Trog.
    41 | D        | Found a shimmering blue altar of Sif Muna.
    41 | D        | Found a sacrificial altar of Ru.
    41 | D        | Found a stormy altar of Qazlal.
    41 | D        | Found an iron altar of Okawaru.
    41 | D        | Found a sparkling altar of Nemelex Xobeh.
    41 | D        | Found a burning altar of Makhleb.
    41 | D        | Found a viscous altar of Jiyva.
    41 | D        | Found a hazy altar of Hepliaklqana.
    41 | D        | Found an opulent altar of Gozag.
    41 | D        | Found a blossoming altar of Fedhas.
    41 | D        | Found a white marble altar of Elyvilon.
    41 | D        | Found a shadowy altar of Dithmenos.
    41 | D        | Found a snail-covered altar of Cheibriados.
    43 | D        | Found a corrupted altar of Lugonu.
    43 | D        | Found a radiant altar of Vehumet.
    44 | D        | Found a broken altar of Ashenzari.
    44 | D        | Found an ancient bone altar of Kikubaaqudgha.
    44 | D        | Found a hide-covered altar of Uskayaw.
    53 | D        | Became a worshipper of Vehumet
   522 | D        | Reached XP level 2. HP: 13/13 MP: 3/7
   837 | D        | Reached * piety under Vehumet
   837 | D        | Offered knowledge of Freeze by Vehumet.
  1072 | D        | Noticed Terence
  1206 | D        | Killed Terence
  1206 | D        | Offered knowledge of Poisonous Vapours by Vehumet.
  1206 | D        | Reached ** piety under Vehumet
  1207 | D        | Reached XP level 3. HP: 10/16 MP: 5/10
  1637 | D        | Learned a level 3 spell: Stone Arrow
  1999 | D        | Offered knowledge of Searing Ray by Vehumet.
  2000 | D        | Reached skill level 5 in Dodging
  2000 | D        | Reached skill level 5 in Earth Magic
  2265 | D        | Reached *** piety under Vehumet
  2271 | D        | Offered knowledge of Dazzling Flash by Vehumet.
  2482 | D        | Noticed a floating eye
  2484 | D        | Killed a floating eye
  2485 | D        | Reached skill level 5 in Spellcasting
  2485 | D        | Reached skill level 5 in Transmutations
  2485 | D        | Reached XP level 4. HP: 21/21 MP: 10/12
  2485 | D        | Reached XP level 5. HP: 24/24 MP: 11/14
  2489 | D        | Learned a level 3 spell: Dazzling Flash
  2491 | D        | Noticed a jumping spider
  2499 | D        | Slain by a jumping spider

Illustrated notes

Levels and vault maps discovered:
D:        pitsprint [storerooms_1, entrance_room_1, metal_vault_6, armoury_1,
          mini_pit_1, grid_room_1, main_hall_1, silver_pit, the_coven_2,
          the_vestibule_1, steel_vault_4, golden_pit, hallway_of_sentries,
          crystal_vault_4, iron_vault_3, final_vault]

Skill      XL: |  1  2  3 |
---------------+----------+-----
Dodging        | 3 4 6 |  6.2
Earth Magic    | 3 4 6 |  6.2
Spellcasting   | 3 4 5 |  5.8
Transmutations | 2 4 5 |  5.8
Conjurations   | 2 |  2.6
Stealth        | |  3.0

Action                   |  1- 3 |  4- 6 || total
-------------------------+-------+-------++-------
Melee: Quarterstaff      |       |     1 ||     1
Throw: Stone             |     1 |       ||     1
 Cast: Sandblast         |    43 |     1 ||    44
       Stone Arrow       |       |     1 ||     1
  Use: Potion            |     1 |     1 ||     2
Armor: Robe              |       |     1 ||     1
Dodge: Dodged            |     7 |     6 ||    13
